 Dungeon Crawl Stone Soup version 0.30.1-3-gfc49f6343a (webtiles) character file.

Game seed: 11026525291102970762

182 Fodor the Covered (level 5, 0/70 HPs)
             Began as a Minotaur Fighter on Aug 1, 2023.
             Slain by an orc priest
             ... wielding a +0 club
              (1 damage)
             ... on level 3 of the Dungeon.
             The game lasted 00:10:05 (2097 turns).

Fodor the Covered (Minotaur Fighter)                Turns: 2097, Time: 00:10:06

Health: 0/70       AC: 22    Str: 23    XL:     5   Next: 35%
Magic:  4/4        EV:  2    Int:  5    God:
Gold:   177        SH:  4    Dex:  9    Spells: 4/4 levels left

rFire   . . .        f - +0 spear (heavy)
rCold   . . .        c - +0 buckler
rNeg    . . .        b - melded +0 scale mail
rPois   +            (helmet currently unavailable)
rElec   .            (cloak currently unavailable)
rCorr   .            r - melded +0 pair of gloves
SInv    .            (boots currently unavailable)
Will    .....        (no amulet)
Stlth   +            (no ring)
HPRegen 0.31/turn    (no ring)
MPRegen 0.09/turn

%: no passive effects
@: tree-form, attractive
A: stationary, stasis, torment immunity, boosted hp, (horns 2), (retaliatory
headbutt)
a: no special abilities


You were on level 3 of the Dungeon.
You were a tree.
You visited 1 branch of the dungeon, and saw 3 of its levels.

You collected 177 gold pieces.

Inventory:

Hand Weapons
 f - a +0 heavy spear (weapon)
Armour
 b - a +0 scale mail (melded)
 c - a +0 buckler (worn)
 r - a +0 pair of gloves (melded)
Wands
 t - a wand of light (8)
Scrolls
 e - 2 scrolls of teleportation {unknown}
 i - 3 scrolls of immolation {unknown}
 j - a scroll of poison {unknown}
 l - a scroll of vulnerability {unknown}
 m - a scroll of magic mapping {unknown}
 n - 3 scrolls of identify {unknown}
 o - a scroll of brand weapon {unknown}
Potions
 a - 3 potions of cancellation
 d - a potion of might
 g - a potion of attraction
 h - a potion of lignification
 k - a potion of haste {unknown}
 p - 4 potions of curing {unknown}
 q - a potion of magic {unknown}
 s - a potion of brilliance {unknown}


   Skills:
 + Level 4.4 Fighting
 + Level 2.5 Long Blades
 + Level 3.5 Polearms
 + Level 4.9 Armour
 + Level 1.0 Dodging
 + Level 0.1 Stealth
 + Level 4.3 Shields


You had 4 spell levels left.
You didn't know any spells.
Your spell library contained the following spells:

 Spells                   Type           Power      Damage    Failure   Level
 Iskenderun's Battlesphe  Conj           0%         2d6       100%        5
 Iron Shot                Conj/Erth      0%         9d1       100%        6
 Spellforged Servitor     Conj/Summ      0%         N/A       100%        7


Dungeon Overview and Level Annotations

Branches:
Dungeon (3/15)

Altars:
The Shining One


Innate Abilities, Weirdness & Mutations

You are a tree.
Your roots penetrate the ground, keeping you stationary.
You cannot be teleported.
You are immune to unholy pain and torment.
Your maximum health is greatly increased.
Your equipment is partially melded.
((You have a pair of horns on your head.))
((You reflexively headbutt those who attack you in melee.))


Message History

Your Dodging skill increases to level 1!
You bump into the rock wall.
The orc priest hits you with a +0 club.
* * * LOW HITPOINT WARNING * * *
Something hits you but does no damage. Something hits you but does no damage.
You're too confused to move!
The orc priest hits you with a +0 club.
* * * LOW HITPOINT WARNING * * *
You hear some strange, mumbled words.
You are more confused.
Unknown command.
You closely miss the orc priest.
The orc priest is severely wounded.
The orc priest invokes the aid of Beogh against you.
Pain shoots through your body!
* * * LOW HITPOINT WARNING * * *
Something hits you but does no damage.
The orc priest hits you but does no damage.
You hear some strange, mumbled words.
Something tries to affect you, but you resist.
It was a potion of cancellation.
Your magical effects are unravelling.
You feel magically purged.
You feel less confused. The orc priest hits you with a +0 club.
* * * LOW HITPOINT WARNING * * *
Something hits you.
* * * LOW HITPOINT WARNING * * *
It was a potion of lignification.
You turn into a tree.
Your +0 pair of gloves melds into your body.
Your +0 scale mail melds into your body.
Your roots penetrate the ground.
The orc priest barely misses you. Something hits you but does no damage.
Unknown command.
You cannot move.
It was a potion of attraction.
You feel attractive to monsters. Something hits you.
* * * LOW HITPOINT WARNING * * *
The orc priest hits you with a +0 club.
You die...

#............#
#$##########.# #.#
#.# ###.#######
##.##
#..).......##...###
#...#####.....†....
#..)# ##.##...###
#.o.# # ###'##
#.♣{# #)†.# #.|..#
##♣...♣# #.#..#
#....... #.#....
#.<.♣.>. #.##.###
#....... #. .#
##♣.<.♣# #. .#
#.(.# #. .# ######
####...


You could see an orc priest.

Vanquished Creatures
  An orc priest (D:3)
  A gnoll (D:1)
  8 adders
  A worm (D:3)
  2 dart slugs
  5 ball pythons
  6 endoplasms
  5 giant cockroaches
  6 hobgoblins
  3 kobolds
  2 quokkas
  4 bats
  A frilled lizard (D:1)
  13 goblins
  4 rats
62 creatures vanquished.

Notes
Turn   | Place    | Note
-------+----------+-------------------------------------------
     0 | D:1      | Fodor the Minotaur Fighter began the quest for the Orb.
     0 | D:1      | Reached XP level 1. HP: 19/19 MP: 0/0
   258 | D:1      | Reached XP level 2. HP: 27/27 MP: 1/1
   492 | D:1      | Reached XP level 3. HP: 33/33 MP: 2/2
  1086 | D:2      | Reached skill level 1 in Polearms
  1433 | D:2      | Reached XP level 4. HP: 34/40 MP: 3/3
  1903 | D:3      | Found a glowing golden altar of the Shining One.
  2033 | D:3      | Reached XP level 5. HP: 47/47 MP: 4/4
  2091 | D:3      | Reached skill level 1 in Dodging
  2095 | D:3      | HP: 2/47 [something (1)]
  2097 | D:3      | Slain by an orc priest

Illustrated notes

Levels and vault maps discovered:
D:1:      lightli_arrival_isolated_outpost, layout_loops_ring,
          minmay_tromino_v4_c
D:2:      layout_loops_ring, minmay_randomly_rotated_circles
D:3:      layout_loops_ring, tso_metal_star, grunt_ministairs_7,
          hangedman_abyss_or_decor_lesser_grid

Skill      XL: |  1  2  3  4  5 |
---------------+----------------+-----
Fighting       | 4 |  4.4
Armour         | 4 |  4.9
Shields        | 4 |  4.3
Polearms       | 2 3 |  3.5
Dodging        | 1 |  1.0
Long Blades    | |  2.5
Stealth        | |  0.1

Action                     |  1- 3 |  4- 6 || total
---------------------------+-------+-------++-------
  Melee: Spear             |    68 |    54 ||   122
         Headbutt          |     7 |     8 ||    15
    Use: Potion            |       |     3 ||     3
 Armour: Scale mail        |    49 |    43 ||    92
         Skin              |       |     1 ||     1
  Dodge: Dodged            |    40 |    44 ||    84
  Block: Buckler           |    18 |    15 ||    33
